 Dungeon Crawl Stone Soup version 0.30.1-11-g7821555f0a (webtiles) character file.

Game seed: 406314766650364633

888 KittyFluff the Cudgeller (level 8, -2/48 HPs)
             Began as a Gargoyle Berserker on Nov 10, 2023.
             Was a Priest of Trog.
             Killed by divine providence
             ... invoked by an orc priest
              (12 damage)
             ... on level 5 of the Dungeon.
             The game lasted 00:16:44 (3756 turns).

KittyFluff the Cudgeller (Gargoyle Berserker)       Turns: 3756, Time: 00:16:44

Health: -2/48      AC: 10    Str: 24    XL:     8   Next: 6%
Magic:  8/8        EV: 16    Int:  7    God:    Trog [***...]
Gold:   46         SH:  3    Dex:  6    Spells: 7/7 levels left

rFire   . . .        a - +0 mace
rCold   . . .        p - +0 buckler
rNeg    + . .        d - +0 leather armour
rPois   ∞            (no helmet)
rElec   +            v - +0 cloak
rCorr   .            (no gloves)
SInv    .            (no boots)
Will    +....        l - amulet of regeneration
Stlth   ++           w - ring "Tupnetz" {rElec Will+ EV+5 Dex-3}
HPRegen 1.08/turn    (no ring)
MPRegen 0.11/turn

%: no passive effects
@: marked
A: sickness immunity, AC +5, negative energy resistance 1, electricity
resistance, torment resistance 1, petrification resistance
a: Renounce Religion, Berserk, Trog's Hand


You were on level 5 of the Dungeon.
You worshipped Trog.
Trog was most pleased with you.
You visited 1 branch of the dungeon, and saw 5 of its levels.

You collected 171 gold pieces.
You spent 125 gold pieces at shops.

Inventory:

Hand Weapons
 a - a +0 mace (weapon)
 q - a +0 sling
Missiles
 r - 5 poisoned darts (quivered)
 x - 5 boomerangs
Armour
 d - a +0 leather armour (worn)
 p - a +0 buckler (worn)
 v - a +0 cloak (worn)
Jewellery
 l - an amulet of regeneration (around neck)
 s - an amulet of magic regeneration
 w - the ring "Tupnetz" (left hand) {rElec Will+ EV+5 Dex-3}
   (You found it on level 5 of the Dungeon)

   [ring of evasion]

   EV:        It affects your evasion (+5).
   Dex:       It affects your dexterity (-3).
   rElec:     It insulates you from electricity.
   Will:      It increases your willpower.
Scrolls
 e - 2 scrolls of magic mapping
 h - a scroll of summoning {unknown}
 i - 5 scrolls of teleportation
 j - a scroll of enchant armour {unknown}
 o - a scroll of silence {unknown}
 t - 2 scrolls of enchant weapon {unknown}
 u - a scroll of immolation {unknown}
 y - a scroll of fear {unknown}
 z - a scroll of fog {unknown}
 B - a scroll of brand weapon {unknown}
Potions
 b - 5 potions of curing
 c - a potion of ambrosia
 f - a potion of haste
 g - 2 potions of heal wounds
 k - 2 potions of resistance {unknown}
 m - 2 potions of might {unknown}
 n - a potion of lignification {unknown}
 A - a potion of flight {unknown}


   Skills:
 + Level 4.7 Fighting
 * Level 5.4 Maces & Flails
 * Level 5.3 Armour
 + Level 2.8 Dodging
 + Level 3.5 Stealth
 + Level 2.6 Shields


You had 7 spell levels left.
You didn't know any spells.
Your spell library was empty.

Dungeon Overview and Level Annotations

Branches:
Dungeon (5/15)
 Temple: D:4-7

Altars:
Fedhas
Hepliaklqana
Ru

Shops:
D:3 ?   D:5 *


Innate Abilities, Weirdness & Mutations

You are immune to sickness and miasma.
Your stone body is resilient. (AC +5)
You are immune to poison.
You resist negative energy. (rN+)
You are resistant to electric shocks. (rElec)
You are resistant to unholy torment.
You are immune to petrification.


Message History

The orc priest barely misses you.
You closely miss the orc. The orc misses you.
The orc priest calls down the wrath of Beogh upon you.
Beogh smites you! The orc priest barely misses you.
An orc wizard comes into view. It is wielding a +0 dagger.
An orc comes into view. It is wielding a +0 flail.
You hit the orc.
The orc is lightly wounded.
The orc closely misses you. The orc priest completely misses you.
You barely miss the orc.
The orc is lightly wounded.
An orc priest comes into view.
It is wielding a +0 hand axe and carrying a wand of mindburst (18).
The orc barely misses you. The orc priest barely misses you.
The orc closely misses you.
The orc priest hits you with a +0 short sword.
An ufetubus comes into view.
You hit the orc but do no damage.
The orc is lightly wounded.
The orc misses you.
An ice beast comes into view.
The orc priest completely misses you. The orc priest misses you.
The orc wizard mumbles some strange words.
The orc wizard flickers and vanishes!
Deactivating autopickup; reactivate with Ctrl-A.
You hit the orc.
The orc is almost dead.
The orc closely misses you. x2; The orc priest barely misses you.
The orc priest invokes the aid of Beogh against you.
Beogh smites you!
You thump the orc!
You kill the orc!
Trog accepts your kill. The orc hits you but does no damage.
The orc priest hits you with a +0 flail.
* * * LOW HITPOINT WARNING * * *
The orc priest hits you with a +0 short sword.
* * * LOW HITPOINT WARNING * * *
The orc priest invokes the aid of Beogh against you.
Beogh smites you!
You die...

#### #..#### #.....# #
#.....## .##
#......#....
####(.o........
#...#.##o....#
#....##@<5...#
##....ooo......
##........o..# ###
#######.........#..#
..###...#........Y..#
..
#.....#.............# .
##...###.......##.....
#.....#...<............
..........##...........


You could see an ice beast, 3 orc priests, 2 orcs and an ufetubus.

Vanquished Creatures
  Pikel (D:4)
  A water moccasin (D:5)
  An ogre (D:4)
  A jelly (D:5)
  Crazy Yiuf (D:3)
  An orc priest (D:4)
  A hound (D:5)
  Jessica (D:3)
  An orc wizard (D:4)
  5 adders
  2 dart slugs (D:1)
  6 orcs
  7 ball pythons
  3 bats (D:1)
  6 endoplasms
  4 giant cockroaches
  7 goblins
  3 hobgoblins
  2 quokkas
  A frilled lizard (D:1)
  10 kobolds
  7 rats
72 creatures vanquished.

Notes
Turn   | Place    | Note
-------+----------+-------------------------------------------
     0 | D:1      | KittyFluff the Gargoyle Berserker began the quest for the
                  | Orb.
     0 | D:1      | Reached XP level 1. HP: 14/14 MP: 1/1
   213 | D:1      | Reached XP level 2. HP: 8/19 MP: 2/2
   495 | D:1      | Reached skill level 1 in Stealth
   548 | D:1      | Reached XP level 3. HP: 23/23 MP: 3/3
   654 | D:1      | Reached ** piety under Trog
  1778 | D:2      | Reached XP level 4. HP: 28/28 MP: 4/4
  1958 | D:3      | Found Apoz's Magic Scroll Boutique.
  2179 | D:3      | Noticed Jessica
  2203 | D:3      | Killed Jessica
  2552 | D:3      | Found a runed translucent door.
  2553 | D:3      | Noticed Crazy Yiuf
  2560 | D:3      | Killed Crazy Yiuf
  2561 | D:3      | Reached XP level 5. HP: 33/33 MP: 3/5
  2608 | D:3      | Bought a scroll of identify for 20 gold pieces
  2608 | D:3      | Bought a scroll of magic mapping for 75 gold pieces
  2608 | D:3      | Bought a scroll of teleportation for 30 gold pieces
  2764 | D:4      | Reached *** piety under Trog
  2771 | D:4      | Noticed an ogre
  2786 | D:4      | Killed an ogre
  2787 | D:4      | Reached skill level 1 in Shields
  2787 | D:4      | Reached XP level 6. HP: 21/38 MP: 6/6
  2971 | D:4      | Noticed Pikel
  2994 | D:4      | Killed Pikel
  2995 | D:4      | Reached skill level 5 in Maces & Flails
  2995 | D:4      | Reached skill level 5 in Armour
  2995 | D:4      | Reached XP level 7. HP: 18/44 MP: 7/7
  3100 | D:4      | Found a hazy altar of Hepliaklqana.
  3315 | D:4      | Found a sacrificial altar of Ru.
  3315 | D:4      | Found a blossoming altar of Fedhas.
  3559 | D:5      | Entered Level 5 of the Dungeon
  3630 | D:5      | Found Nurud's General Store.
  3682 | D:5      | Reached XP level 8. HP: 46/48 MP: 8/8
  3684 | D:5      | Identified the ring "Tupnetz" {rElec Will+ EV+5 Dex-3}
  3756 | D:5      | Killed from afar by an orc priest

Illustrated notes

Levels and vault maps discovered:
D:1:      kennysheep_arrival_forest, layout_basic, minmay_misc_feat_cross
D:2:      layout_loops_ring, serial_rivers, chequers_serial_rivers_micro_d,
          chequers_serial_rivers_room_b, chequers_serial_rivers_large_b,
          chequers_serial_rivers_micro_d, chequers_serial_rivers_room_a
D:3:      layout_basic, serial_shops, shop, uniq_crazy_yiuf_cottage,
          uniq_jessica
D:4:      layout_loops_ring, mainiacjoe_overflow_24_doors,
          gammafunk_temple_overflow_pools, uniq_pikel
D:5:      layout_cave_pools, serial_shops, nicolae_shop_tiny_real_fake_doors,
          minmay_strange_pillars, kennysheep_small_square

Skill      XL: |  1  2  3  4  5  6 |
---------------+-------------------+-----
Stealth        | 1 2 3 |  3.5
Armour         | 3 4 5 |  5.3
Dodging        | 2 |  2.8
Maces & Flails | 4 5 |  5.4
Fighting       | 4 |  4.7
Shields        | 1 2 |  2.6

Action                     |  1- 3 |  4- 6 |  7- 9 || total
---------------------------+-------+-------+-------++-------
  Melee: Mace              |   107 |   114 |    65 ||   286
 Invoke: Berserk           |       |     2 |       ||     2
    Use: Scroll            |       |     2 |     1 ||     3
   Stab: Sleeping          |       |     1 |     1 ||     2
 Armour: Animal skin       |    17 |       |       ||    17
         Leather armour    |    25 |    35 |    26 ||    86
  Dodge: Dodged            |    56 |    51 |    52 ||   159
  Block: Buckler           |       |    12 |     7 ||    19
